Map: King's Cove LE

Players

Neeb - Winner!

  • Race: Protoss Protoss
  • Spawn Location: 11:00

Cham

  • Race: Zerg Zerg
  • Spawn Location: 5:00

Event: 2019 WCS Summer

VOD

Have the link to the VOD?

Description

Time

  • Played on: July 13, 2019, 10:45 a.m.
  • Length: 11:05

All games in this series

Show
View Real Time Build Order
Export as new Build Order

Neeb Protoss - Winner!

Build Orders: 1 Gate Expand, Oracle Opening, Phoenix Opening, Archon Immortal, Mass Phoenix 

Get SALT Encoding   

  12  0:00  Probe  
  13  0:12  Probe  
  14  0:18  Pylon  
  14  0:25  Probe  
  15  0:29  Assimilator  
  15  0:34  Probe  
  16  0:43  Probe  
  16  0:44  Gateway  
  17  0:52  Probe  
  18  1:04  Probe  
  19  1:16  Probe  
  20  1:24  Nexus  
  20  1:34  Cybernetics Core  
  20  1:38  Probe  
  21  1:43  Assimilator  
  21  1:50  Probe  
  21  1:53  Pylon  
  22  2:00  Probe  
  22  2:01  Adept  
  22  2:08  Probe  
  26  2:16  Probe  
  26  2:17  Stargate  
  27  2:25  Warp Gate  
  27  2:28  Probe  
  28  2:32  Probe, Adept  
  31  2:40  Probe x2  
  32  2:50  Probe  
  33  2:52  Probe  
  33  2:58  Phoenix  
  35  3:02  Probe  
  35  3:04  Probe  
  39  3:15  Probe, Oracle, Pylon  
  39  3:16  Probe  
  41  3:27  Probe  
  45  3:28  Assimilator  
  45  3:29  Probe  
  45  3:31  Assimilator  
  46  3:39  Probe  
  46  3:41  Probe  
  48  3:42  Gateway, Pylon  
  48  3:49  Stargate  
  48  3:51  Probe  
  48  3:53  Probe  
  50  3:57  Phoenix  
  50  4:02  Gateway  
  52  4:03  Probe  
  52  4:08  Probe  
  54  4:11  Pylon  
  54  4:16  Probe, Phoenix  
  55  4:20  Probe  
  58  4:26  Phoenix  
  58  4:28  Probe  
  59  4:32  Probe  
  62  4:38  Adept  
  62  4:41  Phoenix  
  62  4:42  Adept  
  62  4:45  Pylon  
  68  4:49  Phoenix  
  70  4:59  Pylon  
  70  5:03  Probe  
  70  5:05  Phoenix  
  72  5:08  Phoenix  
  72  5:12  Nexus  
  74  5:18  Probe  
  76  5:23  Probe  
  76  5:27  Pylon  
  76  5:28  Pylon  
  77  5:33  Phoenix  
  77  5:36  Phoenix  
  77  5:42  Robotics Facility  
  81  5:45  Robotics Facility  
  81  5:47  Probe  
  81  5:49  Probe  
  83  5:55  Zealot x2  
  87  5:58  Zealot  
  87  6:01  Probe  
  87  6:03  Probe  
  87  6:13  Probe  
  87  6:15  Probe  
  85  6:24  Probe  
  85  6:25  Probe, Immortal  
  87  6:26  Assimilator  
  87  6:27  Observer, Probe  
  87  6:30  Assimilator, Forge  
  87  6:32  Twilight Council  
  88  6:36  Probe  
  88  6:37  Probe  
  88  6:39  Probe  
  96  6:48  Probe  
  96  6:49  Probe  
  96  6:52  Probe  
  99  6:54  Immortal  
  99  6:55  Pylon  
  99  6:56  Immortal  
  99  7:00  Probe  
  98  7:03  Probe  
  107  7:09  Probe  
  107  7:12  Probe  
  107  7:15  Pylon  
  109  7:23  Immortal  
  109  7:27  Immortal  
  107  7:31  Charge  
  107  7:33  Templar Archives  
  107  7:35  Zealot x3  
  117  7:43  Protoss Ground Weapons Level 1  
  121  7:45  Gateway  
  121  7:46  Gateway  
  121  7:48  Gateway  
  121  7:50  Gateway  
  121  7:57  Pylon  
  121  8:00  Psionic Storm  
  121  8:03  Immortal  
  125  8:08  Gateway  
  125  8:09  Gateway, Pylon  
  125  8:11  High Templar x2, Pylon  
  125  8:12  High Templar  
  131  8:18  Immortal  
  135  8:33  Nexus  
  135  8:34  Pylon  
  135  8:35  Warp Prism  
  135  8:39  Probe  
  135  8:40  Probe x2  
  138  8:41  High Templar  
  138  8:42  High Templar  
  138  8:44  High Templar  
  146  8:50  Warp Prism  
  146  8:52  Probe x3  
  149  8:55  Assimilator  
  149  8:59  High Templar  
  149  9:00  Assimilator, High Templar  
  149  9:01  Zealot  
  157  9:05  Photon Cannon, Archon  
  157  9:21  Photon Cannon, Shield Battery  
  157  9:24  Zealot x2, High Templar x2  
  161  9:28  Archon, Pylon  
  163  9:32  Pylon  
  163  9:34  Pylon  
  163  9:35  Pylon  
  163  9:36  Pylon  
  163  9:38  Pylon  
  161  9:48  Zealot x6  
  173  10:07  Zealot x2  
  173  10:09  Zealot x6  
  158  10:30  Fleet Beacon  
  158  10:31  Zealot x8  
  166  10:35  Stargate  
  146  10:54  Zealot x8  
  158  10:58  Archon x2  
Show
View Real Time Build Order
Export as new Build Order

Cham Zerg 

Build Orders: Hatch First 

Get SALT Encoding   

  12  0:00  Drone  
  13  0:07  Drone  
  14  0:18  Overlord  
  14  0:36  Drone x2  
  16  0:48  Hatchery  
  15  0:52  Drone  
  17  0:57  Drone  
  17  0:59  Drone  
  18  1:10  Extractor  
  17  1:14  Spawning Pool  
  17  1:18  Drone  
  17  1:21  Drone  
  18  1:30  Drone  
  19  1:41  Drone  
  20  1:53  Overlord  
  20  2:01  Queen  
  22  2:02  Zergling x2, Queen  
  22  2:04  Zergling x2  
  26  2:13  Metabolic Boost  
  26  2:15  Drone x2  
  29  2:22  Drone  
  29  2:36  Hatchery  
  28  2:40  Drone  
  28  2:42  Drone  
  30  2:45  Drone x2  
  32  2:55  Queen  
  34  2:58  Overlord  
  34  3:06  Drone x2  
  34  3:12  Overlord  
  36  3:14  Spore Crawler  
  36  3:15  Drone  
  36  3:17  Drone x2  
  36  3:19  Drone  
  39  3:24  Drone x2  
  39  3:27  Drone  
  42  3:28  Drone  
  43  3:37  Overlord  
  43  3:39  Drone  
  44  3:42  Queen  
  44  3:47  Queen  
  48  3:50  Drone, Spore Crawler  
  48  3:52  Zergling x2  
  49  3:55  Zergling x2  
  49  3:56  Zergling x2  
  49  4:00  Drone x2  
  53  4:03  Overlord  
  53  4:07  Drone x2  
  53  4:08  Drone  
  56  4:11  Drone x2  
  58  4:17  Overlord  
  58  4:27  Overlord  
  58  4:29  Lair  
  58  4:31  Overlord  
  58  4:34  Overlord  
  58  4:36  Drone x2  
  58  4:37  Drone x2  
  62  4:42  Drone x4  
  66  4:46  Drone  
  66  4:48  Overlord  
  66  4:51  Drone x2  
  69  4:53  Queen  
  69  4:56  Drone  
  72  5:02  Overlord  
  72  5:03  Drone x2  
  72  5:05  Drone  
  75  5:09  Extractor  
  75  5:10  Drone, Extractor  
  75  5:11  Extractor  
  75  5:12  Overlord  
  72  5:14  Drone x3  
  72  5:15  Drone x2  
  72  5:17  Extractor x2  
  72  5:18  Zergling x6  
  72  5:19  Zergling x2  
  80  5:21  Zergling x2  
  80  5:30  Hydralisk Den  
  80  5:33  Drone x3  
  81  5:41  Drone x5  
  81  5:42  Overlord x2  
  86  5:43  Drone  
  87  5:54  Hatchery  
  86  5:59  Hydralisk x4  
  86  6:00  Spore Crawler  
  91  6:06  Queen  
  91  6:09  Queen  
  92  6:17  Queen  
  87  6:19  Hydralisk x2  
  87  6:22  Hydralisk  
  87  6:24  Overlord  
  93  6:27  Overlord  
  93  6:32  Spore Crawler  
  93  6:35  Spore Crawler, Grooved Spines  
  93  6:38  Overlord x2  
  91  6:42  Queen  
  93  6:48  Overlord x3  
  93  6:49  Overlord  
  93  6:59  Drone x2  
  93  7:00  Drone  
  94  7:01  Hydralisk x3  
  94  7:05  Drone x2  
  94  7:07  Hydralisk  
  102  7:11  Drone  
  102  7:12  Drone x2  
  102  7:15  Drone  
  104  7:28  Drone  
  104  7:29  Drone x7  
  112  7:31  Infestation Pit  
  112  7:34  Baneling Nest  
  112  7:35  Drone x2  
  112  7:39  Drone  
  112  7:40  Drone x4  
  112  7:44  Drone  
  118  7:46  Muscular Augments  
  118  7:47  Extractor x2  
  116  7:51  Drone x2  
  116  7:52  Drone  
  116  7:54  Hatchery  
  116  7:55  Hydralisk  
  116  7:56  Spore Crawler  
  119  8:03  Hydralisk  
  120  8:09  Overlord x3  
  120  8:11  Hive  
  120  8:16  Spore Crawler  
  120  8:17  Spire  
  117  8:20  Drone x2  
  117  8:22  Drone  
  120  8:27  Overlord  
  120  8:33  Overlord  
  120  8:35  Centrifical Hooks  
  120  8:37  Hydralisk, Drone, Overlord  
  120  8:38  Hydralisk  
  120  8:40  Drone  
  120  8:41  Zergling x4  
  128  8:42  Drone  
  128  8:43  Hydralisk x2, Drone  
  128  8:45  Zergling x4  
  136  8:49  Hydralisk x2  
  136  8:50  Zergling x2  
  136  8:53  Zergling x2  
  136  8:54  Zergling x2  
  143  8:56  Overlord  
  143  8:57  Zergling x6  
  143  9:02  Overlord  
  146  9:03  Zergling x4  
  146  9:05  Overlord  
  148  9:10  Zergling x2  
  148  9:12  Zergling x2  
  148  9:13  Zergling x2  
  148  9:14  Zergling x14  
  148  9:15  Extractor  
  148  9:16  Extractor  
  155  9:24  Baneling x8  
  155  9:25  Baneling x4, Zergling x10  
  155  9:30  Baneling x9  
  160  9:33  Zergling x2  
  160  9:34  Zergling x2  
  160  9:36  Drone  
  160  9:37  Zergling x2, Drone x2  
  166  9:43  Baneling  
  166  9:44  Baneling x13  
  164  9:46  Zergling x4  
  164  9:52  Zergling x2  
  167  9:59  Baneling  
  167  10:00  Baneling x6  
  167  10:06  Corruptor x6  
  177  10:14  Corruptor  
  177  10:15  Corruptor x2  
  154  10:29  Corruptor x2  
Tags
 
Add a new tag
Caveats
  • Supply blocks, unpowered buildings, or Contaminate may cause inaccurate times.
  • Supply counts are checked every 10 seconds.